 Dungeon Crawl Stone Soup version 0.29-a0-1052-g6990b1bffc (webtiles) character file.

Game seed: 9010527877698901198

135 Ijustatesigmund the Grave Robber (level 4, -6/25 HPs)
             Began as a Deep Elf Necromancer on Aug 17, 2022.
             Mangled by Sigmund
             ... wielding a +3 scythe of pain
              (11 damage)
             ... on level 3 of the Dungeon.
             The game lasted 00:05:16 (1956 turns).

Ijustatesigmund the Grave Robber (DENe)             Turns: 1956, Time: 00:05:16

Health: -6/25      AC:  2    Str:  5    XL:     4   Next: 96%
Magic:  0/12       EV: 12    Int: 22    God:
Gold:   162        SH:  0    Dex: 15    Spells: 7/11 levels left

rFire   . . .      SeeInvis .   h - +1 dagger (pain)
rCold   . . .      Faith    .   (no shield)
rNeg    . . .      Spirit   .   a - +0 robe
rPois   +          Reflect  .   (no helmet)
rElec   .          Harm     .   (no cloak)
rCorr   .          Rampage  .   (no gloves)
Will    .....                   (no boots)
Stlth   ++........              (no amulet)
HPRegen 0.08/turn               f - ring of poison resistance
MPRegen 0.13/turn               (no ring)

@: no status effects
A: no striking features
a: no special abilities


You were on level 3 of the Dungeon.
You visited 1 branch of the dungeon, and saw 3 of its levels.

You collected 162 gold pieces.

Inventory:

Hand Weapons
 h - a +1 dagger of pain (weapon)
 i - a +1 vampiric dagger
 q - a +0 short sword
Armour
 a - a +0 robe (worn)
Jewellery
 f - a ring of poison resistance (left hand)
Scrolls
 l - a scroll of noise {unknown}
 m - a scroll of immolation {unknown}
 o - a scroll of blinking {unknown}
 p - a scroll of silence
Potions
 b - a potion of magic
 c - a potion of mutation
 d - 2 potions of lignification
 e - 3 potions of curing {unknown}
 g - a potion of resistance {unknown}
 j - a potion of attraction {unknown}
 k - a potion of flight {unknown}
 n - a potion of ambrosia {unknown}


   Skills:
 + Level 1.5 Fighting
 + Level 1.9 Short Blades
 - Level 2.4 Dodging
 - Level 2.4 Stealth
 + Level 4.4 Spellcasting
 + Level 5.7 Necromancy


You had 7 spell levels left.
You knew the following spells:

 Your Spells              Type           Power      Damage    Failure   Level
a - Necrotise             Necr           100%       1d9       1%          1
b - Vampiric Draining     Necr           30%        2d8       3%          3

Your spell library contained the following spells:

 Spells                   Type           Power      Damage    Failure   Level
 Animate Dead             Necr           30%        N/A       10%         4
 Agony                    Necr           30%        N/A       28%         5


Dungeon Overview and Level Annotations

Branches:
Dungeon (3/15)

Altars:
The Shining One

Annotations:
D:3 Sigmund


Message History

The jelly writhes in agony!
Casting: Necrotise (safe; 1% risk of failure)
Confirm with . or Enter, or press ? or * to list all spells.
Aiming: Necrotise (safe; 1% risk of failure)
Press: ? - help, Shift-Dir - straight line, f/p - jelly
Aim: a jelly (heavily wounded, ally target, chance to affect: 88%)
The jelly writhes in agony.
An orc comes into view. It is wielding a +0 mace.
You hit the jelly but do no damage.
Your hands burn!
The jelly is almost dead.
Sigmund hits you from afar with a +3 scythe of pain!
You writhe in agony.
Your orc skeleton barely misses Sigmund.
Casting: Necrotise (safe; 1% risk of failure)
Confirm with . or Enter, or press ? or * to list all spells.
The spell is quite dangerous to miscast (3% risk of failure)!
Continue anyway? [Y]es or [N]o only, please.
The spell is quite dangerous to miscast (3% risk of failure)!
Continue anyway?
Aiming: Vampiric Draining (quite dangerous; 3% risk of failure)
Press: ? - help, Shift-Dir - straight line, f/p - jelly
Aim: a jelly (almost dead, ally target)
You draw life force from the jelly.
You kill the jelly!
You feel life coursing into your body.
Okay, then.
Okay, then.
Sigmund barely misses you.
Your orc skeleton hits Sigmund but does no damage.
Casting: Vampiric Draining (quite dangerous; 3% risk of failure)
Confirm with . or Enter, or press ? or * to list all spells.
The spell is quite dangerous to miscast (3% risk of failure)!
Continue anyway?
Aiming: Vampiric Draining (quite dangerous; 3% risk of failure)
Press: ? - help, Shift-Dir - straight line, f - Sigmund
Aim: Sigmund, wielding a +3 scythe of pain and wearing a +2 robe of positive energy (ally target)
You draw life force from Sigmund.
You feel life coursing into your body. The orc hits you with a +0 mace!
* * * LOW HITPOINT WARNING * * *
Your orc skeleton misses Sigmund.
Sigmund hits you with a +3 scythe of pain!
You die...

#.# .# #####.# #.# #########
#.....# #.#
........####.....# ###<######
.................###.........
........########..........>..
........#####.....##.........
...........o.[....##.........
........)o.@@.....##.........
..........Z.......####.......
..)...............# #.....##
...........#......####.......
.............................
....########.#.##....#.#.....
##.. #.#.##....#.###... ## #
..#.##....#.......
##.####)...####.......


You could see Sigmund (ally target), 2 orcs and a friendly orc skeleton.

Vanquished Creatures
  A jelly (D:3)
  4 adders (D:2)
  A worm (D:2)
  A dart slug (D:1)
  3 orcs (D:3)
  6 bats
  3 endoplasms
  3 giant cockroaches (D:1)
  6 goblins
  6 hobgoblins
  4 quokkas
  5 ball pythons
  3 frilled lizards (D:1)
  3 kobolds
  7 rats
56 creatures vanquished.

Vanquished Creatures (collateral kills)
  A ball python (D:1)
  A goblin (D:2)
  A rat (D:1)
3 creatures vanquished.

Grand Total: 59 creatures vanquished

Notes
Turn   | Place    | Note
-------+----------+-------------------------------------------
     0 | D:1      | Ijustatesigmund the Deep Elf Necromancer began the quest
                  | for the Orb.
     0 | D:1      | Reached XP level 1. HP: 10/10 MP: 6/6
   146 | D:1      | Reached skill level 5 in Necromancy
   292 | D:1      | Reached XP level 2. HP: 15/15 MP: 5/8
   620 | D:1      | Reached XP level 3. HP: 20/20 MP: 7/10
   624 | D:1      | Learned a level 3 spell: Vampiric Draining
   740 | D:2      | Reached skill level 1 in Short Blades
  1010 | D:2      | Reached skill level 1 in Fighting
  1340 | D:2      | Found a glowing golden altar of the Shining One.
  1369 | D:2      | Reached XP level 4. HP: 15/25 MP: 4/12
  1546 | D:2      | Found a faded altar of an unknown god.
  1938 | D:3      | Noticed Sigmund
  1956 | D:3      | Mangled by Sigmund

Illustrated notes

Levels and vault maps discovered:
D:1:      matt_arrival_diagonals, layout_rooms
D:2:      layout_loops_ring, ebering_ecumenical_altar_rust, basic_altar
D:3:      layout_basic, grunt_decor_junction, uniq_sigmund

Skill      XL: |  1  2  3 |
---------------+----------+-----
Necromancy     | 5 |  5.7
Short Blades   | 1 |  1.9
Fighting       | 1 |  1.5
Spellcasting   | 4 |  4.4
Dodging        | |  2.4
Stealth        | |  2.4

Action                   |  1- 3 |  4- 6 || total
-------------------------+-------+-------++-------
Melee: Dagger            |     8 |     1 ||     9
 Cast: Necrotise         |    67 |    31 ||    98
       Vampiric Draining |       |     3 ||     3
  Use: Scroll            |     4 |       ||     4
Armor: Robe              |     5 |       ||     5
Dodge: Dodged            |    19 |     4 ||    23

Table legend: (Time is in decaauts)
 A = Elapsed time spent in this place.
 B = Non-inter-level travel time spent in this place.
 C = Inter-level travel time spent in this place.
 D = Time resting spent in this place.
 E = Time spent auto-exploring this place.
 F = Levels seen in this place.
 G = Mean time per level.
                   A        B        C        D        E       F      G
               +--------+--------+--------+--------+--------+-----+--------+
         Total |   1954 |   1933 |     21 |    221 |   1413 |   3 |  651.3 |
       Dungeon |   1954 |   1933 |     21 |    221 |   1413 |   3 |  651.3 |
               +--------+--------+--------+--------+--------+-----+--------+

Top non-repeatable levels by time:
     D:2: 1091 daAuts
     D:1: 733 daAuts
     D:3: 128 daAuts
